 Dungeon Crawl Stone Soup version 0.31-a0-1036-g31867e143a (webtiles) character file.

Game seed: 14736575782916793057

7 Azuregosa the Sneak (level 1, 11/18 HPs)
             Began as a Mummy Delver on Nov 19, 2023.
             Quit the game on level 4 of the Dungeon.
             The game lasted 00:00:39 (43 turns).

Azuregosa the Sneak (Mummy Delver)                    Turns: 43, Time: 00:00:40

Health: 11/18      AC:  3    Str: 15    XL:     1   Next: 83%
Magic:  1/1        EV: 11    Int:  9    God:
Gold:   13         SH:  0    Dex: 13    Spells: 0/0 levels left

rFire   x . .        a - +0 hand axe
rCold   + . .        (no shield)
rNeg    + + +        b - +0 leather armour
rPois   ∞            (no helmet)
rElec   .            (no cloak)
rCorr   .            (no gloves)
SInv    .            (no boots)
Will    .....        (no amulet)
Stlth   ++           (no ring)
HPRegen 0.23/turn    (no ring)
MPRegen 0.07/turn

%: faith
@: no status effects
A: cold resistance 1, negative energy resistance 3, torment resistance 2, heat
vulnerability 1, in touch with death 1, no potions, faith
a: no special abilities


You were on level 4 of the Dungeon.
You visited 1 branch of the dungeon, and saw 2 of its levels.

You collected 13 gold pieces.

Inventory:

Hand Weapons
 a - a +0 hand axe (weapon)
Armour
 b - a +0 leather armour (worn)
Wands
 f - a wand of digging (3)
Scrolls
 c - a scroll of fog
 d - a scroll of teleportation {unknown}
 e - a scroll of fear


   Skills:
 + Level 3.1 Fighting
 + Level 1.7 Axes
 + Level 1.7 Dodging
 + Level 4.2 Stealth


You couldn't memorise any spells.
You didn't know any spells.
Your spell library was empty.

Dungeon Overview and Level Annotations

Branches:
Dungeon (5/15)
 Temple: D:4-7

Altars:


Innate Abilities, Weirdness & Mutations

You are immune to poison.
Your flesh is cold resistant. (rC+)
You are immune to negative energy. (rN+++)
You are immune to unholy pain and torment.
You are vulnerable to heat. (rF-)
You are in touch with the powers of death.
You do not drink.
You have a special connection with the divine. (Faith)


Message History

The white imp shouts!
The white imp gestures at you. The puff of frost hits you. You resist.
There is a stone staircase leading up here.
The white imp hits you but does no damage.
You climb upwards.
You hear the sound of rushing water.
There is an entrance to a sewer on this level.
Hurry and find it before the portal rusts away!
Found a scroll labelled ANUSHE VE KUUR.
There is a stone staircase leading down here.
You barely miss the white imp. The white imp closely misses you.
You barely miss the white imp. The white imp gestures at you.
The puff of frost hits you. You resist.
You hit the white imp.
The white imp is moderately wounded.
The white imp hits you but does no damage.
You closely miss the white imp.
The white imp is moderately wounded.
The white imp hits you. The white imp freezes you. You resist.
The white imp hits you. The white imp freezes you. You resist.
You hit the white imp.
The white imp is heavily wounded.
The white imp closely misses you.
You hit the white imp but do no damage.
The white imp is heavily wounded.
The white imp hits you but does no damage.
You closely miss the white imp.
The white imp is heavily wounded.
The white imp hits you but does no damage.
You hit the white imp.
The white imp is almost dead.
The white imp misses you.
You barely miss the white imp.
The white imp is almost dead.
The white imp gestures at you. The puff of frost misses you.
The white imp closely misses you.
You hit the white imp.
You kill the white imp!
Are you sure you want to abandon this character and quit the game? (Confirm with "yes".)

######
#....#
#....#
+...@+
#....#
#..?.#
#....#
######


There were no monsters in sight!

Vanquished Creatures
  A white imp (D:4)
1 creature vanquished.

Notes
Turn   | Place    | Note
-------+----------+-------------------------------------------
     0 | D:5      | Azuregosa the Mummy Delver began the quest for the Orb.
     0 | D:5      | Reached XP level 1. HP: 18/18 MP: 1/1
    20 | D:5      | Noticed an ice beast
    43 | D:4      | Quit the game

Illustrated notes

Levels and vault maps discovered:
D:4:      layout_basic, xom_confusion_cloud, cheibrodos_sewer_entry_drain,
          st_stairs_11, uniq_edmund, uniq_natasha
D:5:      layout_cave_pools, nemelex_dance_club_becter,
          hangedman_decor_slide_cut, minmay_manual_maat

Action                     || total
---------------------------++-------
  Melee: Hand axe          ||    10
    Use: Scroll            ||     1
 Armour: Leather armour    ||     8
  Dodge: Dodged            ||     5

Table legend: (Time is in decaauts)
 A = Elapsed time spent in this place.
 B = Non-inter-level travel time spent in this place.
 C = Inter-level travel time spent in this place.
 D = Time resting spent in this place.
 E = Time spent auto-exploring this place.
 F = Levels seen in this place.
 G = Mean time per level.
                   A        B        C        D        E       F      G
               +--------+--------+--------+--------+--------+-----+--------+
         Total |     45 |     45 |      0 |      0 |      0 |   2 |   22.5 |
       Dungeon |     45 |     45 |      0 |      0 |      0 |   2 |   22.5 |
               +--------+--------+--------+--------+--------+-----+--------+

Top non-repeatable levels by time:
     D:5: 32 daAuts
     D:4: 13 daAuts
